AoeStats
← Skirmblaster

Arabia

510167212Analyzed
4v4 RM · 2d ago on Sep 29, 2026· 53m 8s· 8 players
Game mode
Random Map
Map size
Large (8 player)
Population
200
Speed
Normal
Resources
Standard
Victory
Conquest
Starting age
Dark Age
Ending age
Imperial Age
RankedLock teamsTeams togetherTeam positionsShared explorationLock speedFull tech treeHidden civsTurbo modeCheats
Victory
Defeat
🇩🇪 Mongols · Germany
1076
+14
🇩🇪 Inca · Germany
1045
+16
🇩🇪 Bulgarians · Germany
1040
+16
🇩🇪 Vietnamese · Germany
924
+20
🇦🇷 Goths · Argentina
1095
-19
🇦🇷 Franks · Argentina
1075
-18
🇦🇷 Mapuche · Argentina
1004
-15
🇪🇸 Sicilians · Spain
974
-14
Lord Housed von Idleton
11:46 Feudal Age
10:04 Loom
12:01 Feudal Age
13:24 Double-Bit Axe
13:20 Horse Collar
13:32 Horse Collar
16:16 Castle Age
15:09 Stone Mining
17:17 Bow Saw
20:52 Scale Mail Armor
30:38 Wheelbarrow
34:02 Chain Mail Armor
33:57 Forging
38:33 Imperial Age
36:22 Hand Cart
36:46 Heavy Plow
39:21 Elite Kamayuk
40:33 Fabric Shields
41:12 Iron Casting
40:47 Heavy Scorpion
48:36 Plate Mail Armor
49:06 Blast Furnace
47:57 Fletching
48:12 Pikeman
49:03 Halberdier
49:18 Onager
51:32 Squires
subaktiv
9:40 Feudal Age
14:58 Loom
19:05 Castle Age
18:05 Fletching
18:15 Padded Archer Armor
18:20 Double-Bit Axe
18:29 Horse Collar
19:12 Bloodlines
19:53 Bodkin Arrow
20:18 Husbandry
22:11 Thumb Ring
24:01 Ballistics
27:45 Light Cavalry
28:42 Leather Archer Armor
30:14 Wheelbarrow
32:02 Forging
31:58 Scale Barding Armor
34:39 Chain Barding Armor
36:23 Iron Casting
44:13 Imperial Age
42:19 Hand Cart
44:40 Bow Saw
44:57 Bracer
45:57 Blast Furnace
44:28 Onager
47:31 Siege Engineers
47:54 Conscription
47:55 Drill
47:48 Elite Steppe Lancer
buschdl
11:46 Feudal Age
10:02 Loom
19:57 Castle Age
20:35 Fletching
20:49 Crossbowman
30:27 Double-Bit Axe
30:27 Horse Collar
30:26 Man-at-Arms
31:15 Squires
32:32 Long Swordsman
38:15 Bow Saw
51:15 Husbandry
52:02 Chatras
Skirmblaster
5:14 Loom
10:37 Feudal Age
12:53 Arson
22:19 Castle Age
20:28 Double-Bit Axe
21:20 Fletching
25:04 Stone Mining
28:56 Horse Collar
32:16 Bodkin Arrow
32:26 Scale Barding Armor
34:23 Forging
39:36 Gold Mining
41:16 Murder Holes
41:43 Ballistics
41:34 Masonry
46:18 Wheelbarrow
45:28 Town Watch
47:37 Iron Casting
47:23 Chain Barding Armor
53:34 Imperial Age
51:21 Bow Saw
51:42 Hand Cart
54:23 Gold Shaft Mining
Carloscba6669
2:08 Loom
9:31 Feudal Age
14:57 Forging
14:49 Scale Mail Armor
19:52 Town Watch
28:35 Double-Bit Axe
28:34 Horse Collar
31:38 Castle Age
33:20 Wheelbarrow
33:09 Squires
32:31 Pikeman
37:46 Hand Cart
39:00 Iron Casting
43:47 Town Patrol
53:01 Chain Mail Armor
jhonzx_11
11:56 Feudal Age
12:40 Double-Bit Axe
22:28 Castle Age
22:19 Stone Mining
22:21 Gold Mining
24:28 Gold Shaft Mining
29:11 Loom
32:45 Husbandry
43:40 Imperial Age
43:59 Cavalier
benitezamir
7:53 Loom
9:56 Feudal Age
10:08 Man-at-Arms
11:45 Double-Bit Axe
16:24 Scale Mail Armor
18:45 Forging
22:44 Castle Age
22:06 Fletching
22:45 Horse Collar
22:50 Long Swordsman
23:31 Squires
24:08 Iron Casting
25:45 Bow Saw
27:00 Bodkin Arrow
27:58 Heavy Plow
29:09 Wheelbarrow
35:03 Chain Mail Armor
35:42 Pikeman
37:18 Hand Cart
43:10 Imperial Age
43:17 Halberdier
45:29 Blast Furnace
44:35 Gold Mining
46:41 Ballistics
47:22 Anarchy
47:42 Elite Huskarl
50:24 Chemistry
49:40 Stone Mining
52:26 Two-Handed Swordsman
Lauchabtz
11:10 Feudal Age
9:28 Loom
16:29 Castle Age
16:06 Fletching
17:07 Bodkin Arrow
21:20 Double-Bit Axe
23:40 Gold Mining
23:33 Horse Collar
28:24 Ballistics
30:06 Padded Archer Armor
29:43 Elite Skirmisher
47:30 Malon
50:27 Imperial Age
49:44 Bow Saw
Connection lost

Rejoining the realm…

Still unreachable

The connection could not be restored.

Session expired

The server has moved on; the page needs a fresh start.